cohdb
Replays
Latest Replays
All Replays
Popular Replays
Top Player Replays
Match Explorer
How It Works
Community
CoH3 Stats
Reddit
Sign in to upload your games and track your stats! →
Sign in with Steam
Match 45753004
Unlisted
Match 45753004
Overview
Messages
Build Orders
End
Construct Infanterie Kompanie
Kettenkrad Recon Vehicle
Selects Breakthrough Battlegroup
Selects Assault Grenadiers
Grenadier Squad
Grenadier Squad
MG 42 Machine Gun Team
Construct Luftwaffe Kompanie
Selects Breakthrough
Medical Station
Flak 30 Anti-aircraft Gun Team
Jäger Squad
Selects Mechanized Assault Group
Mechanized Assault Group
Selects Rapid Production
Selects Blitzkrieg
Construct Panzer Kompanie
Panzer IV Medium Tank
crywo1f
Steil
Sharp
apicton
bobidog101
Matis
0
0
Comments
sign in to comment!
No comments posted yet!